Map: Base du roi Sejong EC

Players

Kebø - Winner!

  • Race: Terran Terran
  • League: Diamond
  • Spawn Location: 11:00

zidar

  • Race: Zerg Zerg
  • League: Platinum
  • Spawn Location: 5:00

VOD

Have the link to the VOD?

Description

Time

  • Played on: Oct. 20, 2016, 3:22 p.m.
  • Length: 12:37
Show
View Real Time Build Order
Export as new Build Order

Kebø Terran - Winner!

Build Orders:  

Get SALT Encoding   

  12  0:01  SCV  
  13  0:13  SCV  
  14  0:17  Supply Depot  
  14  0:25  SCV  
  15  0:29  Refinery  
  15  0:39  SCV  
  16  0:45  Barracks  
  16  0:51  SCV  
  17  1:03  SCV  
  18  1:15  SCV  
  19  1:27  SCV  
  19  1:32  Marine  
  21  1:39  Orbital Command  
  21  1:49  Command Center  
  21  1:53  Marine  
  22  2:02  Supply Depot  
  22  2:07  SCV  
  23  2:15  Barracks  
  23  2:24  SCV  
  23  2:26  Engineering Bay  
  24  2:37  Barracks Tech Lab  
  24  2:39  SCV, Bunker  
  25  2:44  Refinery  
  25  2:51  SCV  
  25  2:52  Terran Infantry Weapons Level 1  
  26  3:01  Stimpack  
  26  3:03  SCV  
  26  3:05  Barracks Reactor  
  27  3:06  Marine  
  29  3:14  Orbital Command  
  29  3:16  SCV  
  29  3:26  Marine, Factory  
  30  3:31  SCV  
  31  3:44  Marine  
  31  3:45  SCV x2  
  31  3:46  Marine, Supply Depot  
  31  3:47  Marine  
  36  3:57  SCV x2  
  36  4:02  Marine  
  39  4:04  Marine  
  39  4:05  Marine, Refinery  
  39  4:09  SCV  
  43  4:10  SCV  
  43  4:11  Factory Reactor  
  43  4:15  Starport  
  43  4:20  Marine  
  43  4:22  Marine  
  43  4:23  Marine, Supply Depot  
  43  4:24  SCV  
  47  4:25  SCV  
  48  4:36  SCV  
  48  4:37  SCV  
  48  4:38  Marine  
  51  4:40  Marine  
  51  4:41  Marine  
  53  4:46  Armory, Terran Infantry Armor Level 1  
  53  4:48  SCV  
  53  4:49  SCV  
  55  4:55  Supply Depot  
  55  4:56  Marine  
  56  5:00  SCV  
  57  5:07  SCV  
  57  5:11  Medivac x2  
  57  5:14  Combat Shield, Supply Depot  
  62  5:17  Marine x3  
  67  5:23  SCV x2  
  67  5:25  Liberator  
  67  5:27  Widow Mine  
  69  5:34  Marine, Command Center  
  69  5:35  SCV x2  
  72  5:37  Marine  
  72  5:38  Marine  
  77  5:47  SCV  
  78  5:50  Refinery  
  78  5:57  Factory Reactor  
  78  6:07  Terran Vehicle And Ship Armor Level 1  
  78  6:08  Barracks  
  78  6:11  Barracks  
  78  6:20  Supply Depot  
  78  6:23  Supply Depot  
  78  6:24  Liberator  
  78  6:29  Supply Depot  
  78  6:41  Marine x3, SCV x2  
  86  6:51  Viking  
  86  6:54  SCV x2  
  90  6:56  Barracks  
  90  6:59  Marine x4  
  90  7:00  Marine  
  95  7:06  SCV x2  
  97  7:17  Marine x3  
  97  7:21  Marine, Viking  
  97  7:22  Marine  
  101  7:41  Marine x3  
  101  7:42  Marauder  
  107  7:55  Barracks Tech Lab  
  107  7:58  Barracks Reactor  
  106  7:59  Marine x2  
  106  8:00  Barracks Reactor  
  106  8:01  Terran Infantry Weapons Level 2  
  106  8:04  Marauder  
  106  8:05  SCV x2  
  112  8:06  Engineering Bay  
  116  8:16  Orbital Command  
  116  8:17  SCV  
  116  8:18  Widow Mine  
  116  8:19  Widow Mine  
  117  8:33  Marine x3, Medivac x2  
  117  8:34  SCV  
  125  8:51  SCV  
  125  8:52  Marine, SCV  
  122  8:58  Marine x2  
  122  8:59  Marine  
  125  9:14  Concussive Shells  
  125  9:30  Supply Depot  
  125  9:31  Supply Depot  
  125  9:32  Supply Depot  
  125  9:34  Liberator x2, Supply Depot  
  125  9:36  Supply Depot  
  125  9:51  Marine x2  
  125  9:52  Marine x5  
  133  9:53  SCV  
  133  9:54  Marine, Terran Infantry Armor Level 2  
  133  9:56  Terran Vehicle And Ship Armor Level 2  
  144  10:00  Widow Mine  
  144  10:01  Widow Mine  
  144  10:02  Starport  
  144  10:08  Refinery, SCV x3  
  144  10:09  Marine x2  
  144  10:10  Marine x2, Refinery  
  144  10:11  Marauder x2  
  144  10:12  Marine  
  156  10:15  Command Center  
  156  10:20  SCV x3  
  156  10:21  Marine  
  159  10:26  Sensor Tower  
  159  10:27  Marine, Missile Turret  
  165  10:29  Widow Mine  
  165  10:30  Widow Mine  
  165  11:07  Supply Depot x2  
  165  11:08  Supply Depot  
  165  11:14  Supply Depot  
  165  11:26  Marine x6, Viking x2, SCV x3  
  165  11:27  Marauder  
  165  11:29  Marauder  
  182  11:44  Marine x6  
  190  11:48  Marauder  
  190  11:50  Marauder, Widow Mine x2  
  158  11:56  Viking x2  
  160  12:02  Marine x6  
  166  12:09  Marauder  
  166  12:12  Marauder  
Show
View Real Time Build Order
Export as new Build Order

zidar Zerg 

Build Orders: Hatch First 

Get SALT Encoding   

  12  0:01  Drone  
  13  0:12  Overlord  
  13  0:17  Drone  
  14  0:30  Drone x2  
  16  0:50  Hatchery  
  15  0:58  Extractor  
  15  1:00  Drone  
  15  1:01  Drone  
  16  1:20  Spawning Pool  
  16  1:22  Drone  
  16  1:27  Drone  
  17  1:33  Drone  
  18  1:43  Drone  
  19  2:08  Queen  
  21  2:09  Queen, Metabolic Boost  
  21  2:12  Zergling x2  
  24  2:16  Zergling x2  
  24  2:19  Zergling x2  
  25  2:29  Overlord  
  25  2:40  Roach Warren  
  24  2:58  Lair  
  24  3:01  Baneling Nest  
  24  3:04  Drone x4  
  28  3:21  Drone x4  
  28  3:22  Drone  
  28  3:25  Extractor  
  32  3:28  Drone  
  32  3:29  Drone  
  34  3:36  Overlord  
  34  3:50  Drone x2  
  34  3:54  Overlord  
  36  3:58  Drone x4  
  40  4:05  Centrifical Hooks  
  40  4:10  Drone x2  
  40  4:16  Drone x2  
  44  4:33  Extractor  
  44  4:37  Extractor  
  42  4:43  Zergling x2  
  42  4:44  Zergling x16  
  51  4:45  Evolution Chamber  
  51  4:46  Baneling x2  
  51  4:47  Baneling x3  
  51  4:48  Evolution Chamber  
  49  4:58  Drone x3  
  52  5:13  Overlord x4  
  52  5:24  Baneling  
  52  5:25  Baneling x5  
  52  5:28  Zerg Melee Weapons Level 1  
  52  5:35  Drone x2  
  54  5:45  Hatchery  
  53  5:51  Zerg Ground Armor Level 1  
  53  5:56  Drone x3  
  56  6:15  Drone x3  
  59  6:19  Pneumatized Carapace  
  59  6:22  Overseer  
  59  6:34  Spire  
  58  6:43  Spore Crawler  
  58  6:45  Spore Crawler  
  56  6:51  Spore Crawler  
  56  6:54  Spore Crawler  
  54  6:58  Zergling x2  
  54  6:59  Zergling x30  
  70  7:01  Baneling  
  70  7:02  Baneling x3  
  72  7:19  Drone  
  68  7:48  Corruptor x3  
  74  7:57  Overseer  
  74  8:05  Hatchery  
  74  8:12  Zerg Flyer Weapons Level 1  
  73  8:13  Zerg Ground Armor Level 2  
  73  8:14  Zerg Melee Weapons Level 2  
  73  8:25  Infestation Pit  
  72  8:39  Overlord  
  72  8:40  Overlord x3  
  65  9:14  Hatchery  
  64  9:32  Hatchery, Drone x6  
  64  9:33  Drone x2  
  71  9:49  Queen  
  73  10:02  Hive  
  73  10:04  Extractor  
  72  10:07  Extractor  
  71  10:18  Drone  
  71  10:19  Drone x11  
  83  10:27  Overlord x2  
  83  10:28  Overlord x3  
  83  10:40  Corruptor x2  
  83  10:41  Corruptor x3  
  93  10:56  Queen  
  95  10:59  Drone  
  95  11:00  Drone x8  
  104  11:15  Zergling x16  
  112  11:30  Ultralisk Cavern  
  92  11:53  Zergling x8  
  92  11:54  Zergling x20  
  95  12:13  Baneling  
  95  12:14  Baneling x9  
  95  12:17  Zergling x14  
Tags
 
Add a new tag
Caveats
  • Supply blocks, unpowered buildings, or Contaminate may cause inaccurate times.
  • Supply counts are checked every 10 seconds.